 Dungeon Crawl Stone Soup version 0.21-a0-320-gefad53e (webtiles) character file.

39 Espgualade the Skirmisher (level 3, 11/23 HPs)
             Began as a Tengu Ice Elementalist on Sept 30, 2017.
             Quit the game on level 3 of the Dungeon.
             The game lasted 00:02:49 (1134 turns).

Espgualade the Skirmisher (Tengu Ice Elementalist)  Turns: 1134, Time: 00:02:49

Health: 11/23      AC:  2    Str:  6    XL:     3   Next: 47%
Magic:  7/7        EV: 12    Int: 16    God:
Gold:   65         SH:  0    Dex: 14    Spells: 5/6 levels left

rFire    . . .     SeeInvis .   i - +0 dagger
rCold    + . .     Gourm    .   (no shield)
rNeg     . . .     Faith    .   a - +0 robe
rPois    .         Spirit   .   (helmet restricted)
rElec    .         Reflect  .   (no cloak)
rCorr    .         Harm     .   (no gloves)
MR       .....                  (boots unavailable)
Stlth    ++........             (no amulet)
HPRegen  0.07/turn              (no ring)
MPRegen  0.10/turn              (no ring)

@: no status effects
A: beak, talons 3, cold resistance 1, weak 1
a: no special abilities


You were on level 3 of the Dungeon.
You were very hungry.

You visited 1 branch of the dungeon, and saw 3 of its levels.

You collected 65 gold pieces.

Inventory:

Hand Weapons
 i - a +0 dagger (weapon)
Armour
 a - a +0 robe (worn)
Books
 b - a book of Frost

   Spells                             Type                      Level
   a - Freeze                         Ice                          1
   b - Throw Frost                    Conjuration/Ice              2
   c - Ozocubu's Armour               Charms/Ice                   3
   d - Throw Icicle                   Conjuration/Ice              4
   e - Summon Ice Beast               Ice/Summoning                4
Comestibles
 c - 3 bread rations
 d - a meat ration
 f - 3 fruits


   Skills:
 + Level 3.0 Fighting
 - Level 2.1 Dodging
 - Level 2.0 Stealth
 - Level 2.0 Spellcasting
   Level 1.3 Conjurations
 - Level 2.6 Ice Magic


You had 5 spell levels left.
You knew the following spells:

 Your Spells              Type           Power        Failure   Level  Hunger
a - Freeze                Ice            ##..         7%          1    #......


Dungeon Overview and Level Annotations

Branches:
Dungeon (3/15)

Altars:


Innate Abilities, Weirdness & Mutations

You have a beak for a mouth.
You have claws for feet.
Your flesh is cold resistant. (rC+)
You are weak. (Str -2)


Message History

The hobgoblin hits you with a club.
Casting: Freeze
Confirm with . or Enter, or press ? or * to list all spells.
Aiming: Freeze
Press: ? - help, Shift-Dir - straight line, f - hobgoblin
Aim: a hobgoblin, wielding a club (moderately wounded)
You freeze the hobgoblin.
You kill the hobgoblin!
Casting: Freeze
Confirm with . or Enter, or press ? or * to list all spells.
You can't see any susceptible monsters within range! (Use Z to cast anyway.) Unknown command.
Found a scroll labeled NYINLO UWKY.
Found a stone staircase leading down.
Found a cloak.
You see here a glowing orange potion.
e - a glowing orange potion It was a potion of mutation.
You feel extremely strange.
You feel weaker.
You feel resistant to cold.
You are feeling very hungry.
Are you sure you want to abandon this character and quit the game? (Confirm with "yes".)

#.######
.......[.#<.....#
#........#.####.#
.>......#....#
........#..#.#
?.........#)#
.........#.#
#.......#w#
#@.....##.#
#.....w##.#
#.........#
......#+#..##.#
.##.### #######
#. . #


You could see a worm.

Vanquished Creatures
  An adder (D:2)
  2 dart slugs (D:1)
  A leopard gecko (D:1)
  9 bats (D:1)
  A goblin (D:1)
  3 hobgoblins
  A jackal (D:3)
  4 kobolds (D:1)
  3 rats (D:1)
25 creatures vanquished.

Notes
Turn   | Place    | Note
-------+----------+-------------------------------------------
     0 | D:1      | Espgualade the Tengu Ice Elementalist began the quest for the Orb.
     0 | D:1      | Reached XP level 1. HP: 10/10 MP: 4/4
   180 | D:1      | Reached skill level 1 in Fighting
   357 | D:1      | Reached XP level 2. HP: 13/16 MP: 6/6
   457 | D:1      | Reached skill level 2 in Fighting
   690 | D:1      | Reached XP level 3. HP: 17/22 MP: 7/7
  1118 | D:3      | Reached skill level 3 in Fighting
  1133 | D:3      | Gained mutation: You are weak. (Str -2) [potion of mutation]
  1133 | D:3      | Gained mutation: Your flesh is cold resistant. (rC+) [potion of mutation]
  1134 | D:3      | Quit the game

Vault maps used:
D:1:      kilobyte_arrival_exit_the_forest, minmay_tromino_v7
D:3:      first_bread

Skill      XL: |  1  2  3 |
---------------+----------+-----
Fighting       | 1 2 3 |  3.0
Dodging        | |  2.1
Stealth        | |  2.0
Spellcasting   | |  2.0
Conjurations   | |  1.3
Ice Magic      | |  2.6

Action                   || total
-------------------------++-------
Melee: Unarmed           ||    34
       Kick              ||    14
       Peck              ||     9
       Dagger            ||    59
 Cast: Freeze            ||    12
  Use: Scroll            ||     3
       Potion            ||     3
 Stab: Sleeping          ||     3
Armor: Robe              ||    34
Dodge: Dodged            ||   109

Table legend:
 A = Spawn XP
 B = Non-spawn XP
 C = Spawn XP percentage of total XP
 D = Spawn monster count
 E = Non-spawn monster count
 F = Spawn count percentage of total count
 G = Total turns spent on level
                    A         B        C        D         E        F      G
               +---------+---------+-------+---------+---------+-------+---------
         Total |       0 |      57 |   0.0 |       0 |      25 |   0.0 |  1134
               +---------+---------+-------+---------+---------+-------+---------
           D:1 |       0 |      40 |   0.0 |       0 |      22 |   0.0 |  1077
           D:2 |       0 |      13 |   0.0 |       0 |       1 |   0.0 |    22
           D:3 |       0 |       4 |   0.0 |       0 |       2 |   0.0 |    35
               +---------+---------+-------+---------+---------+-------+---------
